 Dungeon Crawl Stone Soup version 0.31-a0-750-gfe7b580527 (webtiles) character file.

Game seed: 17632909967856785790

311392 miscthings the Deadly Accurate (level 20, -11/159 HPs)
             Began as a Gnoll Wanderer on Sept 15, 2023.
             Was an Initiate of Gozag.
             Mangled by a ghostly titan (30 damage)
             ... on level 5 of the Vaults.
             The game lasted 01:58:31 (30578 turns).

miscthings the Deadly Accurate (Gnoll Wanderer)    Turns: 30578, Time: 01:58:32

Health: -11/159    AC: 37    Str: 28    XL:     20   Next: 85%
Magic:  34/34      EV: 18    Int: 15    God:    Gozag
Gold:   3024       SH: 15    Dex: 21    Spells: 16/48 levels left

rFire   . . .        T - +5 eveningstar (vamp)
rCold   + . .        A - +0 kite shield
rNeg    . . .        M - +5 crystal plate armour of Tukuibib {rElec Regen+}
rPois   .            e - +2 helmet {Int+3}
rElec   +            c - +3 cloak of Awnex {Harm Will- Str+2 Dex+3}
rCorr   .            z - +5 pair of gloves of Purpose {Drain Str+7 Int+3}
SInv    +            x - +0 pair of boots "Wakkowy" {Dex+4}
Will    +++..        R - amulet of Xoharol {RegenMP Will++ Regen+ Int-4 Stlth+} Stlth
                     y - ring of the Fae God {rElec rC+ SInv Stlth-}
HPRegen 2.06/turn    t - +5 ring of evasion
MPRegen 0.64/turn

%: harm (+30% outgoing, +20% incoming)
@: lethally poisoned (-11 -> -12), gold aura, hasted, very quick
A: fangs 1, strong nose, distributed training, deformed body, low MP 1,
strong-willed 1, strong 1
}: 3/15 runes: decaying, silver, gossamer
a: Renounce Religion, Potion Petition, Call Merchant, Bribe Branch


You were on level 5 of the Vaults.
You worshipped Gozag.
Gozag was most pleased with you.
You visited 7 branches of the dungeon, and saw 36 of its levels.
You visited 1 bazaar.
You also visited: Ossuary and Bailey.

You collected 15659 gold pieces.
You spent 3859 gold pieces at shops.
You paid 8776 gold pieces to Gozag.

Inventory:

Hand Weapons
 q - the +9 staff of Olgreb {rPois∞}
   (You acquired it in a bailey)

   Radiate:   It can be activated via the 'a'bility menu to radiate toxic
   energy, with effectiveness depending on Evocations skill.
   Pois:      It enhances your poison magic.
   rPois∞: It grants immunity to poison.
 w - a +4 trishula of holy wrath
 T - a +5 vampiric eveningstar (weapon)
Missiles
 b - 8 curare-tipped darts (quivered)
 B - a throwing net
 N - 12 javelins
Armour
 c - the +3 cloak of Awnex (worn) {Harm Will- Str+2 Dex+3}
   (You bought it in a shop on level 2 of the Orcish Mines)

   Str+2:     It affects your strength (+2).
   Dex+3:     It affects your dexterity (+3).
   Will-:     It decreases your willpower.
   Harm:      It increases damage dealt and taken.
 e - a +2 helmet of intelligence (worn)
 x - the +0 pair of boots "Wakkowy" (worn) {Dex+4}
   (You found it on level 4 of the Vaults)

   Dex+4:     It affects your dexterity (+4).
 z - the +5 pair of gloves of Purpose (worn) {Drain Str+7 Int+3}
   (You found it on level 1 of the Vaults)

   Str+7:     It affects your strength (+7).
   Int+3:     It affects your intelligence (+3).
   Drain:     It drains your maximum health when unequipped.
 A - a +0 kite shield (worn)
 M - the +5 crystal plate armour of Tukuibib (worn) {rElec Regen+}
   (You acquired it on level 1 of the Spider Nest)

   rElec:     It insulates you from electricity.
   Regen+:    It increases your rate of health regeneration.
 V - the quicksilver dragon scales of Eppajis {Will+ Str+2}
   (You bought it in a shop on level 2 of the Swamp)

   Str+2:     It affects your strength (+2).
   Will+:     It increases your willpower.
 Z - the +1 scale mail "Veukamet" {rF+ Int+6}
   (You bought it in a shop in a bazaar)

   Int+6:     It affects your intelligence (+6).
   rF+:       It protects you from fire.
Magical Staves
 D - the staff "Lehugaoc" {Contam rElec rF+ Int+3 Air}
   (You took it off a deep elf death mage on level 4 of the Vaults)

   [staff of air]

   Base accuracy: +5 Base damage: 5 Base attack delay: 1.2 This weapon's minimum
   attack delay (0.6) is reached at skill level 12.
   Int+3:     It affects your intelligence (+3).
   rF+:       It protects you from fire.
   rElec:     It insulates you from electricity.
   Contam:    It causes magical contamination when unequipped.
   Air:       It increases the power of your Air spells.
   It falls into the 'Staves' category.
   It is a one-handed weapon.
 K - the staff of Cowardice {rC+ rCorr MP+9 Int+3 Ice}
   (You found it on level 4 of the Swamp)

   [staff of cold]

   Base accuracy: +5 Base damage: 5 Base attack delay: 1.2 This weapon's minimum
   attack delay (0.6) is reached at skill level 12.
   Int+3:     It affects your intelligence (+3).
   rC+:       It protects you from cold.
   MP+9:      It affects your magic capacity (+9).
   rCorr:     It protects you from acid and corrosion.
   Ice:       It increases the power of your Ice spells.
   It falls into the 'Staves' category.
   It is a one-handed weapon.
Jewellery
 n - a ring of wizardry
 p - a ring of willpower
 t - a +5 ring of evasion (right hand)
 y - the ring of the Fae God (left hand) {rElec rC+ SInv Stlth-}
   (You found it on level 4 of the Dungeon)

   [ring of protection from cold]

   rC+:       It protects you from cold.
   rElec:     It insulates you from electricity.
   SInv:      It lets you see invisible.
   Stlth-:    It makes you less stealthy.
 Q - a ring of resist corrosion
 R - the amulet of Xoharol (around neck) {RegenMP Will++ Regen+ Int-4 Stlth+}
   (You bought it in a shop on level 1 of the Vaults)

   [amulet of magic regeneration]

   RegenMP:   It increases your rate of magic regeneration.
   Int-4:     It affects your intelligence (-4).
   Will++:    It greatly increases your willpower.
   Regen+:    It increases your rate of health regeneration.
   Stlth+:    It makes you more stealthy.
Wands
 m - a wand of charming (5)
 s - a wand of light (4)
 C - a wand of iceblast (10)
 S - a wand of mindburst (4)
 X - a wand of digging (6)
Scrolls
 d - 2 scrolls of blinking
 g - 2 scrolls of teleportation
 h - 5 scrolls of fear
 i - 7 scrolls of vulnerability
 j - 5 scrolls of enchant armour
 k - 3 scrolls of butterflies
 u - a scroll of poison
 G - 3 scrolls of revelation
 O - 7 scrolls of fog
 W - 7 scrolls of immolation
Potions
 a - 4 potions of brilliance
 f - 4 potions of resistance
 l - 4 potions of invisibility
 o - 4 potions of attraction
 r - 6 potions of lignification
 E - 7 potions of ambrosia
 F - 9 potions of curing
 H - 3 potions of might
 I - 5 potions of enlightenment
 J - 8 potions of heal wounds
 L - 6 potions of haste
 P - 2 potions of mutation
 U - a potion of cancellation
Miscellaneous
 v - a phantom mirror
 Y - a lightning rod (2/4)


   Skills:
 + Level 14.2 Fighting
 + Level 14.2 Short Blades
 + Level 14.2 Long Blades
 + Level 14.2 Axes
 + Level 14.2 Maces & Flails
 + Level 14.2 Polearms
 + Level 14.2 Staves
 + Level 14.2 Ranged Weapons
 + Level 16.3 Throwing
 + Level 14.2 Armour
 + Level 14.2 Dodging
 + Level 14.2 Stealth
 + Level 14.9 Shields
 + Level 14.2 Unarmed Combat
 + Level 14.5 Spellcasting
 + Level 12.1 Conjurations
 + Level 13.2 Hexes
 + Level 12.1 Summonings
 + Level 12.1 Necromancy
 + Level 12.1 Translocations
 + Level 12.1 Transmutations
 + Level 12.1 Fire Magic
 + Level 12.1 Ice Magic
 + Level 12.1 Air Magic
 + Level 12.1 Earth Magic
 + Level 12.1 Poison Magic
 + Level 15.4 Invocations
 + Level 14.2 Evocations
 + Level 13.1 Shapeshifting


You had 16 spell levels left.
You knew the following spells:

 Your Spells              Type           Power      Damage    Failure   Level
a - Ozocubu's Refrigerat  Ice            23%        4d12      100%        7
b - Summon Mana Viper     Hex/Summ       48%        N/A       26%         5
c - Sigil of Binding      Hex            50%        N/A       2%          3
d - Blink                 Tloc           94%        N/A       1%          2
e - Inner Flame           Hex/Fire       48%        N/A       3%          3
f - Ignition              Fire           23%        3d8       100%        8
g - Summon Lightning Spi  Summ/Air       47%        N/A       12%         4

Your spell library contained the following spells:

 Spells                   Type           Power      Damage    Failure   Level
 Magic Dart               Conj           100%       1d8       1%          1
 Shock                    Conj/Air       100%       1d9       1%          1
 Ensorcelled Hibernation  Hex/Ice        96%        N/A       1%          2
 Jinxbite                 Hex            100%       N/A       1%          2
 Lesser Beckoning         Tloc           94%        N/A       1%          2
 Momentum Strike          Conj/Tloc      94%        3d10      1%          2
 Passwall                 Tmut/Erth      39%        N/A       1%          2
 Poisonous Vapours        Pois/Air       94%        N/A       1%          2
 Scorch                   Fire           94%        2d8       1%          2
 Searing Ray              Conj           94%        2d7       1%          2
 Static Discharge         Conj/Air       94%        2-6/arc   1%          2
 Tukima's Dance           Hex            50%        N/A       2%          3
 Call Canine Familiar     Summ           47%        N/A       3%          3
 Gell's Gravitas          Tloc           47%        N/A       3%          3
 Hailstorm                Conj/Ice       47%        3d11      3%          3
 Ignite Poison            Fire/Tmut/Pois 47%        N/A       3%          3
 Mephitic Cloud           Conj/Pois/Air  47%        N/A       3%          3
 Ozocubu's Armour         Ice            47%        N/A       3%          3
 Swiftness                Air            47%        N/A       3%          3
 Teleport Other           Tloc           47%        N/A       3%          3
 Vampiric Draining        Necr           47%        2d9       3%          3
 Cause Fear               Hex            25%        N/A       8%          4
 Anguish                  Hex/Necr       24%        N/A       10%         4
 Dimensional Bullseye     Hex/Tloc       24%        N/A       10%         4
 Fulminant Prism          Conj/Hex       24%        3d12      10%         4
 Leda's Liquefaction      Hex/Erth       24%        N/A       10%         4
 Airstrike                Air            23%        2d(4-20)  12%         4
 Flame Wave               Conj/Fire      47%        2d12      12%         4
 Iskenderun's Mystic Bla  Conj/Tloc      47%        2d10      12%         4
 Manifold Assault         Tloc           47%        N/A       12%         4
 Sticky Flame             Conj/Fire      47%        2d6       12%         4
 Summon Ice Beast         Ice/Summ       47%        N/A       12%         4
 Agony                    Necr           47%        N/A       32%         5
 Freezing Cloud           Conj/Ice/Air   23%        6-21      32%         5
 Dispersal                Tloc           23%        N/A       88%         6
 Summon Cactus Giant      Summ           23%        N/A       88%         6
 Enfeeble                 Hex            25%        N/A       100%        7
 Monstrous Menagerie      Summ           23%        N/A       100%        7
 Polar Vortex             Ice            23%        12d3*     100%        9
 Simulacrum               Ice/Necr       Unusable   N/A       N/A         6

Dungeon Overview and Level Annotations

Branches:
Dungeon (15/15)            Temple (1/1) D:7            Lair (5/5) D:10
  Swamp (4/4) Lair:2       Spider (4/4) Lair:2        Slime (0/5) Lair:5
    Orc (2/2) D:9             Elf (0/3) Orc:2        Vaults (5/5) D:14
  Crypt (0/3) Vaults:3     Depths (0/4) D:15        Ossuary (visited)
 Bailey (visited)

Altars:
Ashenzari
Cheibriados
Dithmenos
Elyvilon
Fedhas
Gozag
Hepliaklqana
Kikubaaqudgha
Makhleb
Nemelex Xobeh
Okawaru
Qazlal
Ru
Sif Muna
Trog
Uskayaw
Vehumet
Wu Jian
Xom
Yredelemnul
Zin
The Shining One
Jiyva

Shops:
D:3 *   D:6 !   D:8 [*   D:9 [   D:11 (   Orc:2 [(:*   Lair:4 [   Swamp:2 *
Vaults:1 :[=

Portals:
Trove: Vaults:1 (give +4 fire dragon scales)

Annotations:
D:6 3 runed translucent doors, Sheldon's ghost, novice DrMo
D:7 1 runed translucent door, Shayle's ghost, novice OgSh
Vaults:1 6 runed translucent doors
Vaults:5 Margery


Innate Abilities, Weirdness & Mutations

You have very sharp teeth.
Your uncanny sense of smell can sniff out nearby items.
Your experience applies equally to all skills.
Armour fits poorly on your strangely shaped body.
Your magical capacity is low. (-10% MP)
You are strong-willed. (Will+)
Your muscles are strong. (Str +4, Int/Dex -1)


Message History

The air twists around and strikes you.
You feel sick.
You feel sick.
The titan waves its arms in wide circles.
The air twists around and strikes you!
Okay, then.
Press: ? - help, v - describe, . - travel
Here: a ghostly titan (moderately damaged)
The floor.
You feel yourself speed up.
You feel sick. The ghostly titan hits you!
* * * LOW HITPOINT WARNING * * *
The deep elf death mage casts a spell at you.
The bolt of negative energy hits the ghostly titan.
The ghostly titan completely resists.
The bolt of negative energy misses you.
You completely miss the titan.
The titan is lightly wounded.
Aiming: Bolt of Light
Press: ? - help, Shift-Dir - straight line, f - vault warden
Aim: a vault warden, wielding a +4 bardiche of venom and wearing a +0 chain mail (heavily wounded, very poisoned, 73% to hit)
The bolt of light hits the ghostly titan!!
The ghostly titan is heavily damaged.
The ghostly titan is blinded.
The bolt of light hits the deep elf death mage!!
The deep elf death mage looks more healthy.
Something assumes the form of the deep elf death mage and becomes anchored to this world!
The bolt of light hits the vault warden!!
The vault warden is almost dead.
The vault warden is blinded.
You feel sick.
You kill the vault warden!
The ghostly titan hits you.
* * * LOW HITPOINT WARNING * * *
The titan hits you!!
* * * LOW HITPOINT WARNING * * *
The ghostly deep elf death mage casts a spell at you.
The bolt of negative energy hits the ghostly titan.
The ghostly titan completely resists.
The bolt of negative energy misses you.
Okay, then.
You feel much better. The ghostly titan hits you!!
You die...
Your body crumbles into a pile of gold.

...###...#..#......#.c$.#
..###[..#)....#....#$...#
.###....#..#..#...p#...$#
###....#...#....#..#....# ...
##.....#........#..#....# ....
#.....#...#..#.....#$)..#.....
......#...#..#.....$$$$.$......
##################e$$)....#####
...........$.$..@Cc$..........
.................C.$..........
##############################


You could see a titan (poisoned), a ghostly titan (blind), a ghostly deep elf
death mage and a satyr shaped shifter.

Vanquished Creatures
  2 ancient liches
  Mennas (Vaults:4)
  2 golden dragons (Vaults:5)
  Norris (Vaults:2)
  Arachne (Spider:2)
  Jorgrun (Swamp:1)
  A lich (Vaults:4)
  Mlioglotl (Spider:1)
  A tentacled monstrosity (Vaults:5)
  A quicksilver dragon (Vaults:5)
  The ghost of Sundig the Peltast, an adept DgFi (Vaults:1)
  2 titans (Vaults:5)
  A sphinx (Vaults:3)
  Frances (Spider:1)
  Aizul (Swamp:1)
  Kirke (D:12)
  2 tengu reavers
  Donald (Orc:2)
  A storm dragon (Vaults:5)
  A thorn hunter (Swamp:4)
  An iron dragon (Vaults:5)
  8 emperor scorpions
  A frost giant (Vaults:3)
  2 fire giants
  4 ghost moths (Spider:4)
  Louise (D:15)
  14 vault wardens
  A deep elf sorcerer (Vaults:5)
  A war gargoyle (Vaults:5)
  2 ghouls (Swamp:4)
  5 stone giants
  A very ugly thing (Vaults:5)
  8 ironbound preservers
  A formless jellyfish (Vaults:2)
  A broodmother (Spider:3)
  Azrael (Spider:1)
  8 eleionomae
  8 ironbound thunderhulks
  6 bunyips
  A spark wasp (Spider:2)
  8 dire elephants
  3 deep elf death magi
  4 ettins
  Snorg (Orc:2)
  A deep elf high priest (Vaults:4)
  Josephine (Swamp:1)
  8 yaktaur captains
  A shambling mangrove (Swamp:2)
  2 fire dragons (D:15)
  5 great orbs of eyes
  5 ironbound frosthearts
  An entropy weaver (shapeshifter) (D:13)
  19 hydras
  27 vault guards
  Erica (D:8)
  A rakshasa (D:15)
  A radroach (Spider:1)
  9 alligators
  A sphinx zombie (Vaults:1)
  7 centaur warriors
  5 boulder beetles
  3 catoblepae (Lair:5)
  3 tengu warriors
  A death scarab (Spider:4)
  2 two-headed ogres (Vaults:5)
  A death knight (D:15)
  7 death yaks (Lair:5)
  7 demonic crawlers
  Nergalle (D:10)
  Amaemon (D:10)
  3 hell knights (Vaults:5)
  Sonja (D:11)
  9 pharaoh ants
  A skeletal warrior (D:15)
  Lodul (D:12)
  2 goliath frogs
  9 skysharks
  5 lindwurms
  5 spriggan druids
  A sun moth (Spider:3)
  7 bog bodies
  10 orb spiders
  19 deep trolls
  3 phantasmal warriors
  An obsidian statue (D:10)
  2 wizards
  14 ironbound convokers
  11 swamp dragons
  A deep elf pyromancer (D:13)
  3 steelbarb worms
  4 necromancers
  17 wolf spiders
  4 orc sorcerers (Orc:2)
  2 orc knights
  2 ugly things
  14 cyclopes
  5 manticores
  4 will-o-the-wisps
  Maurice (D:8)
  4 moths of wrath
  2 human skeletons
  3 black mambas
  9 elephants (Lair:5)
  15 vault sentinels
  8 cane toads
  2 gargoyles
  4 torpor snails
  An orange demon (D:10)
  A komodo dragon (shapeshifter) (D:14)
  10 yaktaurs
  A yaktaur zombie (Vaults:2)
  3 komodo dragons
  4 rime drakes
  An efreet (D:14)
  4 freezing wraiths
  2 kobold demonologists
  6 meliai
  8 trolls
  3 polar bears
  7 tyrant leeches
  A tyrant leech (shapeshifter) (Vaults:5)
  8 hornets
  23 tarantellas
  2 raiju (shapeshifter)
  5 dream sheep (Lair:5)
  18 jumping spiders
  A deep troll skeleton (Vaults:1)
  33 culicivoras
  8 slime creatures
  A shadow (D:11)
  43 yaks
  A spriggan (shapeshifter) (D:14)
  3 wyverns
  8 wraiths
  A culicivora (shapeshifter) (Vaults:5)
  A yak (shapeshifter) (D:13)
  6 spriggans
  2 hogs (D:12)
  5 basilisks
  8 fire elementals
  56 redbacks
  3 steam dragons
  16 vampire mosquitoes
  3 wargs
  12 swamp worms
  4 acid dragons
  14 water moccasins
  A hell hound (Spider:1)
  An ice beast (D:5)
  A black bear (D:7)
  A glowing shapeshifter skeleton (Vaults:2)
  32 orc warriors
  8 swamp drakes
  A sky beast (D:8)
  17 wolves
  8 centaurs
  17 ogres
  9 boggarts
  A phantom (D:5)
  A kobold brigand (D:8)
  A human zombie (Vaults:1)
  A necrophage (Swamp:4)
  9 bullfrogs
  A gnoll sergeant (D:10)
  7 wights
  9 killer bees
  6 howler monkeys
  3 nameless horrors
  3 electric eels
  2 human simulacra
  A jelly (D:7)
  10 orc priests
  3 hounds
  4 iguanas
  24 orc wizards
  5 hell rats (Lair:1)
  8 mummies (Ossuary)
  16 gnolls
  9 adders
  2 white imps
  2 ufetubi
  A worm (shapeshifter) (Vaults:5)
  98 orcs
  8 bats
  6 endoplasms
  2 giant cockroaches (D:3)
  5 hobgoblins
  2 jackals (D:5)
  17 kobolds
  A quokka (D:2)
  6 ball pythons
  3 frilled lizards
  3 gnoll zombies (Ossuary)
  10 goblins
  2 hobgoblin zombies (Ossuary)
  2 kobold zombies (Ossuary)
  An orc zombie (Ossuary)
  5 rats
  A spectral orc (D:6)
1178 creatures vanquished.

Vanquished Creatures (collateral kills)
  A vault warden (Vaults:1)
  An orc warlord (Orc:1)
  An ettin (Orc:2)
  2 hydras
  A black mamba (Lair:4)
  A basilisk (Lair:4)
7 creatures vanquished.

Vanquished Creatures (others)
  An ironbound convoker (Vaults:4)
  2 bloated husks
  A vampire (D:12)
  A spriggan (Swamp:4)
  A redback (Spider:1)
  An orc wizard (Orc:2)
  34 foxfires
  2 starspawn tentacles (Spider:1)
43 creatures vanquished.

Grand Total: 1228 creatures vanquished

Notes
Turn   | Place    | Note
-------+----------+-------------------------------------------
     0 | D:1      | miscthings the Gnoll Wanderer began the quest for the Orb.
     0 | D:1      | miscthings set off with the following items: a +2 dagger, 3
                  | curare-tipped darts, a +0 buckler, a scroll of blinking, a
                  | +0 robe; and the following spells available to memorise:
                  | Jinxbite, Ensorcelled Hibernation.
     0 | D:1      | Reached XP level 1. HP: 13/13 MP: 4/4
   155 | D:1      | Reached XP level 2. HP: 14/19 MP: 5/5
   162 | D:1      | Learned a level 2 spell: Jinxbite
   465 | D:2      | Learned a level 2 spell: Ensorcelled Hibernation
   485 | D:2      | Reached XP level 3. HP: 25/25 MP: 4/7
   639 | D:2      | Found a shimmering altar of Xom.
   742 | D:2      | Noticed an eye of devastation
   747 | D:2      | Reached skill level 1 in Invocations
   816 | D:2      | Noticed a shining eye
   818 | D:2      | Found a faded altar of an unknown god.
   819 | D:2      | Noticed a golden eye
   819 | D:2      | Noticed a floating eye
  1039 | D:3      | Reached skill level 1 in Fighting
  1039 | D:3      | Reached skill level 1 in Short Blades
  1039 | D:3      | Reached skill level 1 in Long Blades
  1039 | D:3      | Reached skill level 1 in Axes
  1039 | D:3      | Reached skill level 1 in Maces & Flails
  1039 | D:3      | Reached skill level 1 in Polearms
  1039 | D:3      | Reached skill level 1 in Staves
  1039 | D:3      | Reached skill level 1 in Ranged Weapons
  1039 | D:3      | Reached skill level 1 in Armour
  1039 | D:3      | Reached skill level 1 in Dodging
  1039 | D:3      | Reached skill level 1 in Stealth
  1039 | D:3      | Reached skill level 1 in Unarmed Combat
  1039 | D:3      | Reached skill level 1 in Evocations
  1074 | D:3      | Reached XP level 4. HP: 20/32 MP: 8/8
  1075 | D:3      | Reached skill level 1 in Shapeshifting
  1082 | D:3      | Reached skill level 1 in Conjurations
  1082 | D:3      | Reached skill level 1 in Summonings
  1082 | D:3      | Reached skill level 1 in Necromancy
  1082 | D:3      | Reached skill level 1 in Translocations
  1082 | D:3      | Reached skill level 1 in Transmutations
  1082 | D:3      | Reached skill level 1 in Fire Magic
  1082 | D:3      | Reached skill level 1 in Ice Magic
  1082 | D:3      | Reached skill level 1 in Air Magic
  1082 | D:3      | Reached skill level 1 in Earth Magic
  1082 | D:3      | Reached skill level 1 in Poison Magic
  1106 | D:3      | Found Meecokyac's General Store.
  1114 | D:3      | Bought a scroll of noise for 14 gold pieces
  1239 | D:3      | Found a hazy altar of Hepliaklqana.
  1260 | D:3      | Reached XP level 5. HP: 37/37 MP: 9/9
  1983 | D:4      | Found a sacrificial altar of Ru.
  1996 | D:4      | Identified the ring of the Fae God {rElec rC+ SInv Stlth-}
  2032 | D:4      | Reached skill level 5 in Shields
  2032 | D:4      | Reached XP level 6. HP: 32/44 MP: 9/11
  2052 | D:4      | Reached XP level 7. HP: 6/50 MP: 9/12
  2544 | D:4      | Reached skill level 9 in Throwing
  2925 | D:5      | Entered Level 5 of the Dungeon
  2958 | D:5      | Learned a level 3 spell: Sigil of Binding
  2961 | D:5      | Learned a level 2 spell: Blink
  2965 | D:5      | Learned a level 3 spell: Inner Flame
  3352 | D:5      | Reached XP level 8. HP: 57/57 MP: 14/14
  3785 | D:6      | Found a sand-covered staircase.
  3790 | Ossuary  | Entered an ossuary
  4025 | D:6      | Found a runed translucent gate.
  4025 | D:6      | Found a runed translucent gate.
  4025 | D:6      | Found a runed translucent gate.
  4026 | D:6      | Found Faer's Distillery.
  4034 | D:6      | Bought a potion of heal wounds for 65 gold pieces
  4190 | D:6      | Noticed Sheldon's ghost (novice DrMo)
  4239 | D:6      | Found a basalt altar of Yredelemnul.
  4413 | D:7      | Found a staircase to the Ecumenical Temple.
  4424 | Temple   | Entered the Ecumenical Temple
  4432 | Temple   | Became a worshipper of Gozag Ym Sagoz the Greedy
  4520 | D:7      | Reached XP level 9. HP: 37/64 MP: 16/16
  4533 | D:7      | Reached skill level 5 in Spellcasting
  4548 | D:7      | Found a flagged portal.
  4568 | Bailey   | Entered a bailey
  4880 | Bailey   | Acquired the +9 staff of Olgreb {rPois∞}
  4880 | Bailey   | Found the +9 staff of Olgreb {rPois∞}
  5151 | D:7      | Acquired 1328 gold pieces
  5161 | D:7      | Noticed Shayle's ghost (novice OgSh)
  5191 | D:7      | Found a runed translucent door.
  5296 | D:7      | Found a radiant altar of Vehumet.
  5612 | D:7      | Reached skill level 5 in Invocations
  5730 | D:8      | Noticed Maurice
  5813 | D:8      | Killed Maurice
  6068 | D:8      | Reached XP level 10. HP: 66/73 MP: 18/18
  6147 | D:8      | Reached skill level 5 in Fighting
  6147 | D:8      | Reached skill level 5 in Short Blades
  6147 | D:8      | Reached skill level 5 in Long Blades
  6147 | D:8      | Reached skill level 5 in Axes
  6147 | D:8      | Reached skill level 5 in Maces & Flails
  6147 | D:8      | Reached skill level 5 in Polearms
  6147 | D:8      | Reached skill level 5 in Staves
  6147 | D:8      | Reached skill level 5 in Ranged Weapons
  6147 | D:8      | Reached skill level 5 in Armour
  6147 | D:8      | Reached skill level 5 in Dodging
  6147 | D:8      | Reached skill level 5 in Stealth
  6147 | D:8      | Reached skill level 5 in Unarmed Combat
  6147 | D:8      | Reached skill level 5 in Evocations
  6176 | D:8      | Reached skill level 10 in Throwing
  6191 | D:8      | Bought a scroll labelled GEPTOE KIRROP for 35 gold pieces
  6191 | D:8      | Bought a fizzy silvery potion for 31 gold pieces
  6191 | D:8      | Bought a scroll labelled IBLAMOPLUI for 35 gold pieces
  6191 | D:8      | Bought a scroll labelled MOEGGO KASHRAHO for 35 gold pieces
  6277 | D:8      | Noticed Erica
  6441 | D:8      | Killed Erica
  6912 | D:9      | Reached skill level 5 in Shapeshifting
  7099 | D:9      | Found a glowing golden altar of the Shining One.
  7278 | D:9      | Reached XP level 11. HP: 61/81 MP: 3/20
  7364 | D:9      | Reached skill level 5 in Conjurations
  7364 | D:9      | Reached skill level 5 in Summonings
  7364 | D:9      | Reached skill level 5 in Necromancy
  7364 | D:9      | Reached skill level 5 in Translocations
  7364 | D:9      | Reached skill level 5 in Transmutations
  7364 | D:9      | Reached skill level 5 in Fire Magic
  7364 | D:9      | Reached skill level 5 in Ice Magic
  7364 | D:9      | Reached skill level 5 in Air Magic
  7364 | D:9      | Reached skill level 5 in Earth Magic
  7364 | D:9      | Reached skill level 5 in Poison Magic
  7424 | D:9      | Found a staircase to the Orcish Mines.
  7641 | D:9      | Found an iron altar of Okawaru.
  7722 | Orc:1    | Entered Level 1 of the Orcish Mines
  7733 | Orc:1    | Noticed an orc warlord
  7774 | D:10     | Entered Level 10 of the Dungeon
  7855 | D:9      | Bought a +2 helmet of intelligence for 215 gold pieces
  7948 | D:10     | Noticed Amaemon
  7957 | D:10     | Noticed a sixfirhy
  7968 | D:10     | Killed Amaemon
  7976 | D:10     | Found a shadowy altar of Dithmenos.
  7978 | D:10     | Found a burning altar of Makhleb.
  8125 | D:10     | Found a staircase to the Lair.
  8156 | D:10     | Noticed Nergalle
  8218 | D:10     | Gained mutation: You are occasionally teleported next to
                  | monsters. [potion of mutation]
  8218 | D:10     | Gained mutation: You are partially covered in iridescent
                  | scales. (AC +2) [potion of mutation]
  8218 | D:10     | Gained mutation: You possess an exceptional clarity of
                  | mind. [potion of mutation]
  8397 | D:10     | Noticed an obsidian statue
  8407 | D:10     | Killed Nergalle
  8431 | Lair:1   | Entered Level 1 of the Lair of Beasts
  8593 | Lair:1   | Reached skill level 11 in Throwing
  8646 | Lair:1   | Reached XP level 12. HP: 91/91 MP: 19/23
  9402 | Lair:2   | Found a staircase to the Swamp.
  9992 | Lair:2   | Found a hole to the Spider Nest.
 10334 | Lair:3   | Learned a level 8 spell: Ignition
 10417 | Lair:3   | Noticed a four-headed hydra
 10426 | Lair:3   | Learned a level 4 spell: Summon Ice Beast
 10597 | Lair:3   | Noticed a seven-headed hydra
 10606 | Lair:3   | Killed a seven-headed hydra
 10750 | Lair:3   | Noticed a skyshark
 10760 | Lair:3   | Killed a skyshark
 10976 | Lair:3   | Killed a four-headed hydra
 10977 | Lair:3   | Reached XP level 13. HP: 51/98 MP: 17/25
 12038 | Lair:5   | Entered Level 5 of the Lair of Beasts
 12083 | Lair:5   | Reached skill level 12 in Throwing
 12319 | Lair:5   | Learned a level 5 spell: Summon Mana Viper
 12379 | Lair:5   | Reached skill level 10 in Shields
 12477 | Lair:5   | Found a viscous altar of Jiyva.
 12489 | Lair:5   | Found a staircase to the Slime Pits.
 12672 | Lair:5   | Reached XP level 14. HP: 80/108 MP: 23/27
 12803 | Lair:5   | Reached skill level 10 in Invocations
 13664 | Orc:1    | Killed an orc warlord
 13786 | Orc:2    | Entered Level 2 of the Orcish Mines
 14105 | Orc:2    | Noticed Donald
 14123 | Orc:2    | Killed Donald
 14258 | Orc:2    | Found Bugeawn's General Store.
 14287 | Orc:2    | Noticed a stone giant
 14310 | Orc:2    | Killed a stone giant
 14440 | Orc:2    | Reached skill level 10 in Spellcasting
 14529 | Orc:2    | Found a staircase to the Elven Halls.
 14536 | Orc:2    | Found Golytix's Antique Weapon Shop.
 14627 | Orc:2    | Found Nuhaif's Book Shoppe.
 14871 | Orc:2    | Bought a potion of mutation for 136 gold pieces
 14871 | Orc:2    | Bought 6 curare-tipped darts for 122 gold pieces
 14872 | Orc:2    | Lost mutation: You are partially covered in iridescent
                  | scales. (AC +2) [potion of mutation]
 14872 | Orc:2    | Lost mutation: You are occasionally teleported next to
                  | monsters. [potion of mutation]
 14872 | Orc:2    | Lost mutation: You possess an exceptional clarity of mind.
                  | [potion of mutation]
 14872 | Orc:2    | Gained mutation: Your muscles are strong. (Str +4, Int/Dex
                  | -1) [potion of mutation]
 14872 | Orc:2    | Gained mutation: Your magical capacity is low. (-10% MP)
                  | [potion of mutation]
 14872 | Orc:2    | Gained mutation: Armour fits poorly on your strangely
                  | shaped body. [potion of mutation]
 14872 | Orc:2    | Gained mutation: You are strong-willed. (Will+) [potion of
                  | mutation]
 15003 | Orc:2    | Noticed Snorg
 15016 | Orc:2    | Killed Snorg
 15043 | Orc:2    | Found Pidudi's Antique Armour Shoppe.
 15055 | Orc:2    | Bought a masterwork cloak for 171 gold pieces
 15055 | Orc:2    | Identified the +3 cloak of Awnex {Harm Will- Str+2 Dex+3}
                  | (You bought it in a shop on level 2 of the Orcish Mines)
 15067 | Orc:2    | Bought a glowing scale mail for 126 gold pieces
 15345 | Spider:1 | Entered Level 1 of the Spider Nest
 15345 | Spider:1 | Noticed Mlioglotl
 15350 | Spider:1 | Noticed a tentacled starspawn
 15429 | Spider:1 | Identified the amulet "Jiguemm" {Spirit rF+}
 15606 | Spider:1 | Identified the amulet of Ysmireim {Faith Rampage rElec}
 15717 | Spider:1 | Reached skill level 10 in Hexes
 15742 | Spider:1 | Reached XP level 15. HP: 102/115 MP: 22/26
 15758 | Spider:1 | Noticed Azrael
 15777 | Spider:1 | Killed Azrael
 15944 | Spider:1 | Reached skill level 10 in Fighting
 15944 | Spider:1 | Reached skill level 10 in Short Blades
 15944 | Spider:1 | Reached skill level 10 in Long Blades
 15944 | Spider:1 | Reached skill level 10 in Axes
 15944 | Spider:1 | Reached skill level 10 in Maces & Flails
 15944 | Spider:1 | Reached skill level 10 in Polearms
 15944 | Spider:1 | Reached skill level 10 in Staves
 15944 | Spider:1 | Reached skill level 10 in Ranged Weapons
 15944 | Spider:1 | Reached skill level 10 in Armour
 15944 | Spider:1 | Reached skill level 10 in Dodging
 15944 | Spider:1 | Reached skill level 10 in Stealth
 15944 | Spider:1 | Reached skill level 10 in Unarmed Combat
 15944 | Spider:1 | Reached skill level 10 in Evocations
 15972 | Spider:1 | Reached skill level 13 in Throwing
 16113 | Spider:1 | Noticed Frances
 16167 | Spider:1 | Acquired the +5 crystal plate armour of Tukuibib {rElec
                  | Regen+}
 16226 | Spider:1 | Killed Frances
 16449 | Spider:1 | Killed Mlioglotl
 16917 | Spider:2 | Identified the +0 plate armour "Jiul Vid" {SInv}
 17136 | Spider:2 | Noticed Arachne
 17194 | Spider:2 | Killed Arachne
 17544 | Spider:3 | Noticed an emperor scorpion
 17567 | Spider:3 | Killed an emperor scorpion
 17656 | Spider:3 | Got the Papyrus of Refrigeration and Rot
 17741 | Spider:3 | Reached XP level 16. HP: 47/122 MP: 24/28
 18084 | Spider:4 | Entered Level 4 of the Spider Nest
 18121 | Spider:4 | Reached skill level 10 in Shapeshifting
 18735 | Spider:4 | Reached skill level 14 in Throwing
 18842 | Spider:4 | Got a gossamer rune of Zot
 19115 | Swamp:1  | Entered Level 1 of the Swamp
 19341 | Swamp:1  | Noticed Josephine
 19363 | Swamp:1  | Killed Josephine
 19366 | Swamp:1  | Reached XP level 17. HP: 131/131 MP: 20/29
 19382 | Swamp:1  | Noticed Jorgrun
 19398 | Swamp:1  | Killed Jorgrun
 19505 | Swamp:1  | Noticed Aizul
 19525 | Swamp:1  | Killed Aizul
 19939 | Swamp:2  | Bought a scroll of teleportation for 72 gold pieces
 19939 | Swamp:2  | Bought jewelled quicksilver dragon scales for 1560 gold
                  | pieces
 19939 | Swamp:2  | Identified the quicksilver dragon scales of Eppajis {Will+
                  | Str+2} (You bought it in a shop on level 2 of the Swamp)
 20078 | Swamp:2  | Learned a level 7 spell: Ozocubu's Refrigeration
 20514 | Swamp:3  | Reached skill level 10 in Conjurations
 20514 | Swamp:3  | Reached skill level 10 in Summonings
 20514 | Swamp:3  | Reached skill level 10 in Necromancy
 20514 | Swamp:3  | Reached skill level 10 in Translocations
 20514 | Swamp:3  | Reached skill level 10 in Transmutations
 20514 | Swamp:3  | Reached skill level 10 in Fire Magic
 20514 | Swamp:3  | Reached skill level 10 in Ice Magic
 20514 | Swamp:3  | Reached skill level 10 in Air Magic
 20514 | Swamp:3  | Reached skill level 10 in Earth Magic
 20514 | Swamp:3  | Reached skill level 10 in Poison Magic
 20526 | Swamp:3  | Learned a level 4 spell: Summon Lightning Spire
 20633 | Swamp:3  | HP: 4/133 [will-o-the-wisp/foxfire (18)]
 21203 | Swamp:4  | Entered Level 4 of the Swamp
 21368 | Swamp:4  | Identified the staff of Cowardice {rC+ rCorr MP+9 Int+3
                  | Ice}
 21672 | Swamp:4  | Reached XP level 18. HP: 88/140 MP: 31/31
 21763 | Swamp:4  | Got a decaying rune of Zot
 22362 | D:10     | Found an ornate altar of the Wu Jian Council.
 22497 | D:11     | Identified the +2 leather armour "Falocoh" {Str+8}
 22837 | D:11     | Noticed Sonja
 22845 | D:11     | Killed Sonja
 23186 | D:12     | Noticed Lodul
 23197 | D:12     | Killed Lodul
 23348 | D:12     | Noticed Kirke
 23357 | D:12     | Killed Kirke
 23915 | D:13     | Found a hide-covered altar of Uskayaw.
 24122 | D:14     | Found a gate to the Vaults.
 24678 | D:15     | Entered Level 15 of the Dungeon
 24746 | D:15     | Reached skill level 15 in Throwing
 25055 | D:15     | Noticed Louise
 25058 | D:15     | Found a staircase to the Depths.
 25064 | D:15     | Killed Louise
 25507 | Vaults:1 | Entered Level 1 of the Vaults
 25524 | Vaults:1 | Identified the +5 pair of gloves of Purpose {Drain Str+7
                  | Int+3}
 25933 | Vaults:1 | Found a portal to a secret trove of treasure.
 26104 | Vaults:1 | Found a large runed translucent door.
 26104 | Vaults:1 | Found a large runed translucent door.
 26104 | Vaults:1 | Found a large runed translucent door.
 26104 | Vaults:1 | Found a large runed translucent door.
 26104 | Vaults:1 | Found a large runed translucent door.
 26104 | Vaults:1 | Found a large runed translucent door.
 26104 | Vaults:1 | Noticed Sundig's ghost (adept DgFi)
 26105 | Vaults:1 | Found a large runed translucent door.
 26105 | Vaults:1 | Found a large runed translucent door.
 26143 | Vaults:1 | Killed Sundig's ghost
 26172 | Vaults:1 | Found Dafu's Armour Shop.
 26179 | Vaults:1 | Bought the amulet of Xoharol {RegenMP Will++ Regen+ Int-4
                  | Stlth+} for 908 gold pieces
 26461 | Vaults:2 | Identified the +1 chain mail "Uwej" {rN+}
 26748 | Vaults:2 | Reached XP level 19. HP: 142/143 MP: 28/32
 27172 | Vaults:2 | Noticed Norris
 27194 | Vaults:2 | Killed Norris
 27357 | Vaults:2 | Identified the +0 robe "Setoajah" {rElec Regen+ Str-3
                  | Int-3}
 28215 | Vaults:3 | You fall into a shaft and drop 1 floor!
 28300 | Vaults:4 | Found the +12 glaive of Prune {freeze, Prune}
 28445 | Vaults:4 | Found a flickering gateway to a bazaar.
 28500 | Bazaar   | Entered a bazaar
 28500 | Bazaar   | Found Danuphea's Antique Armour Emporium.
 28507 | Bazaar   | Found Fac Ysul's Magic Scroll Boutique.
 28515 | Bazaar   | Bought a scroll of immolation for 60 gold pieces
 28527 | Bazaar   | Found Meyvoch's Jewellery Emporium.
 28538 | Bazaar   | Found Myts's Antique Weapon Shop.
 28546 | Bazaar   | Found Korewergh's General Store.
 28554 | Bazaar   | Bought a scroll of immolation for 40 gold pieces
 28565 | Bazaar   | Bought a spiked scale mail for 234 gold pieces
 28565 | Bazaar   | Identified the +1 scale mail "Veukamet" {rF+ Int+6} (You
                  | bought it in a shop in a bazaar)
 28817 | Vaults:4 | Noticed Mennas
 28832 | Vaults:4 | Killed Mennas
 28952 | Vaults:4 | Identified the +0 pair of boots "Wakkowy" {Dex+4}
 29118 | Vaults:4 | Identified the +8 sling of the Kissing Gods {speed, rPois
                  | rC+ Will++ Dex+4}
 29197 | Vaults:4 | Identified the +3 leather armour of the Gloaming {Int+3
                  | Dex+3}
 29207 | Vaults:4 | Identified the staff "Lehugaoc" {Contam rElec rF+ Int+3
                  | Air}
 29279 | Vaults:4 | Identified the +2 spear of Fortitude {venom, rPois Str+2}
 29552 | Vaults:5 | Entered Level 5 of the Vaults
 29552 | Vaults:5 | Noticed an ancient lich
 29573 | Vaults:4 | Killed an ancient lich
 29574 | Vaults:4 | Reached XP level 20. HP: 69/158 MP: 27/34
 29824 | Vaults:3 | Identified the +7 falchion of Aparch {chaos, rPois Int+3}
 29895 | Vaults:3 | Found a staircase to the Crypt.
 29895 | Vaults:3 | Found an ancient bone altar of Kikubaaqudgha.
 29896 | Vaults:3 | Found a basalt altar of Yredelemnul.
 30092 | Vaults:5 | Reached skill level 15 in Invocations
 30095 | Vaults:5 | Reached skill level 16 in Throwing
 30129 | Vaults:5 | Noticed a golden dragon
 30132 | Vaults:5 | Noticed Margery
 30157 | Vaults:5 | Noticed a dread lich
 30258 | Vaults:5 | Noticed a golden dragon
 30273 | Vaults:5 | Killed a golden dragon
 30365 | Vaults:5 | Got a silver rune of Zot
 30398 | Vaults:5 | Identified the ring "Gugum" {Fire Will+}
 30407 | Vaults:5 | Noticed an ancient lich
 30426 | Vaults:5 | Killed an ancient lich
 30537 | Vaults:5 | Noticed a golden dragon
 30558 | Vaults:5 | Killed a golden dragon
 30577 | Vaults:5 | HP: 2/159 [titan (38)]
 30578 | Vaults:5 | Mangled by a ghostly titan

Illustrated notes

Levels and vault maps discovered:
D:1:      lightli_arrival_flooded_house, layout_rooms
D:2:      layout_rooms, serial_rivers, chequers_serial_rivers_room_b,
          chequers_serial_rivers_room_a, chequers_serial_rivers_small_b,
          chequers_serial_rivers_micro_a, chequers_serial_rivers_micro_d,
          chequers_serial_rivers_micro_a,
          hellmonk_ecumenical_altar_watching_god, basic_altar,
          nicolae_concentric_dashed_squares_mild, solitary_fountain,
          hangedman_decor_riveting, due_unseen_surprise
D:3:      layout_loops_corners, mainiacjoe_overflow_alcove_2, serial_shops, shop
D:4:      layout_loops_corners, nicolae_ru_awakened_eye
D:5:      layout_basic
D:6:      layout_rooms, yredelemnul_forgotten_temple_becter,
          gammafunk_ghost_icy, enter_ossuary_2, serial_shops,
          nicolae_shop_industrial_runoff
D:7:      layout_loops_ring, fiery_altar_vehumet,
          minmay_temple_entry_statues_fountains, enter_bailey_3,
          hellmonk_ghost_happy_afterlife, roderic_three_in_a_row
D:8:      layout_loops_ring, uniq_erica, uniq_maurice
D:9:      layout_basic, mainiacjoe_overflow_swirl, orc_0_dummy
D:10:     layout_cave_pools, general_overflow_altar, jmf_multi_god_temple,
          lair_entry_dummy, minivault_16, uniq_nergalle, uniq_amaemon
D:11:     layout_roguey, special_room [special_room_orc], uniq_sonja
D:12:     layout_basic, uniq_lodul, uniq_kirke
D:13:     layout_rooms, nicolae_uskayaw_suspiria
D:14:     layout_loops_ring, david_vaults_5, minmay_misc_feat_secret_circle
D:15:     grunt_enter_depths_hoard, layout_loops_ring, minmay_misc_feat_alley,
          uniq_louise
Temple:   nicolae_temple_bog_church
Lair:1:   layout_chaotic_city, minivault_26, pdpol_lair_cavern_descent,
          grunt_megastairs_2
Lair:2:   layout_gridlike, minmay_swamp_entry_swarm,
          nicolae_spider_entry_tight_spaces
Lair:3:   layout_cave_pods
Lair:4:   beargit_carnivore_pack, layout_hall_layers
Lair:5:   evilmike_catoblepas_cave, layout_loops_ring, slime_entry_1,
          st_stairs_5, chequers_serial_rivers_large_b
Swamp:1:  layout_basic_swamp, hangedman_swamp_lotus, uniq_jorgrun,
          uniq_josephine, uniq_aizul
Swamp:2:  nicolae_swamp_long_stream, layout_falls_marsh, wheals_swamp_sinkhole,
          swamp_pool2
Swamp:3:  layout_basic_swamp, nicolae_swamp_trees_clearing, swamp_pool1
Swamp:4:  swamp, layout_basic_swamp
Spider:1: layout_spider_delve, nicolae_spider_spiderdrome, uniq_mlioglotl,
          uniq_azrael, uniq_frances
Spider:2: layout_spider_delve, drop_trap, uniq_arachne
Spider:3: layout_spider_delve, nicolae_spider_nooks_and_crannies
Spider:4: grunt_spider_rune_circles
Orc:1:    layout_caves
Orc:2:    grunt_orc_gardens, layout_diamond_mine, grunt_orc_garden,
          grunt_orc_garden, grunt_orc_garden, grunt_orc_garden, basic_altar,
          minmay_orc_barracks, uniq_donald, uniq_snorg
Vaults:1: advil_vaults_ghost_lines, nicolae_vaults_tangram_2, v_misc_10,
          hangedman_vaults_river_flow, vaults_mumra_chevron, v_misc_15,
          ontoclasm_vaults_ligature, st_diamondy, nicolae_vaults_tetromino_T_2,
          nicolae_vaults_double_plus_1, nicolae_vaults_heart-shaped_vault,
          v_misc_2, ontoclasm_vaults_pinch, layout_vaults_omnibox, serial_shops,
          shop, nicolae_trove_entry_columns
Vaults:2: nicolae_vaults_diffraction_hallways,
          nicolae_vaults_variable_pillar_hall, grunt_vaults_bifocal,
          hangedman_vaults_impose, nicolae_vaults_double_plus_1,
          nicolae_vaults_little_squares_3, layout_vaults_omnigrid, uniq_norris
Vaults:3: vaults_room_semicircle, v_rooms_3, minmay_crypt_entry_necro_gods,
          st_squares, ontoclasm_vaults_twist, nicolae_vaults_ninety_degrees,
          nicolae_vaults_tetromino_T_1, layout_vaults_chaotic_city
Vaults:4: nicolae_vaults_storing_the_good_stuff, v_misc_5,
          nicolae_vaults_double_plus_3, nicolae_vaults_closet_pinwheel_3,
          v_misc_9, v_misc_25, grunt_vaults_focal, hangedman_vaults_slither,
          nicolae_vaults_storage_room_statues, vaults_room_fours,
          nicolae_vaults_triangles, ontoclasm_vaults_loading_screen,
          vaults_room_stairs_pillars, nicolae_vaults_apartment_2,
          nicolae_vaults_gold_heap, layout_vaults_omnicross, serial_shops,
          freezing_bzr, uniq_mennas
Vaults:5: uniq_margery

Skill      XL: |  1  2  3  4  5  6  7  8  9 10 11 12 13 14 15 16 17 18 19 20 |
---------------+-------------------------------------------------------------+-----
Invocations    | 1 2 3 4 5 6 7 8 9 10 11 12 13 14 15 | 15.4
Fighting       | 1 2 3 4 5 7 8 9 10 11 12 13 14 | 14.2
Short Blades   | 1 2 3 4 5 7 8 9 10 11 12 13 14 | 14.2
Long Blades    | 1 2 3 4 5 7 8 9 10 11 12 13 14 | 14.2
Axes           | 1 2 3 4 5 7 8 9 10 11 12 13 14 | 14.2
Maces & Flails | 1 2 3 4 5 7 8 9 10 11 12 13 14 | 14.2
Polearms       | 1 2 3 4 5 7 8 9 10 11 12 13 14 | 14.2
Staves         | 1 2 3 4 5 7 8 9 10 11 12 13 14 | 14.2
Ranged Weapons | 1 2 3 4 5 7 8 9 10 11 12 13 14 | 14.2
Armour         | 1 2 3 4 5 7 8 9 10 11 12 13 14 | 14.2
Dodging        | 1 2 3 4 5 7 8 9 10 11 12 13 14 | 14.2
Stealth        | 1 2 3 4 5 7 8 9 10 11 12 13 14 | 14.2
Unarmed Combat | 1 2 3 4 5 7 8 9 10 11 12 13 14 | 14.2
Evocations     | 1 2 3 4 5 7 8 9 10 11 12 13 14 | 14.2
Spellcasting   | 3 4 5 6 7 8 9 10 11 12 13 14 | 14.5
Shapeshifting  | 1 2 3 4 5 6 7 8 9 10 11 12 13 | 13.1
Conjurations   | 1 2 3 4 5 6 7 8 9 10 11 12 | 12.1
Summonings     | 1 2 3 4 5 6 7 8 9 10 11 12 | 12.1
Necromancy     | 1 2 3 4 5 6 7 8 9 10 11 12 | 12.1
Translocations | 1 2 3 4 5 6 7 8 9 10 11 12 | 12.1
Transmutations | 1 2 3 4 5 6 7 8 9 10 11 12 | 12.1
Fire Magic     | 1 2 3 4 5 6 7 8 9 10 11 12 | 12.1
Ice Magic      | 1 2 3 4 5 6 7 8 9 10 11 12 | 12.1
Air Magic      | 1 2 3 4 5 6 7 8 9 10 11 12 | 12.1
Earth Magic    | 1 2 3 4 5 6 7 8 9 10 11 12 | 12.1
Poison Magic   | 1 2 3 4 5 6 7 8 9 10 11 12 | 12.1
Shields        | 5 6 7 8 9 10 11 12 13 14 | 14.9
Throwing       | 9 10 11 12 13 14 15 16 | 16.3
Hexes          | 6 7 8 9 10 11 12 13 | 13.2

Action                     |  1- 3 |  4- 6 |  7- 9 | 10-12 | 13-15 | 16-18 | 19-21 || total
---------------------------+-------+-------+-------+-------+-------+-------+-------++-------
  Melee: Dagger            |    39 |       |       |       |       |       |       ||    39
         Bite              |     2 |       |       |    43 |    99 |   212 |   105 ||   461
         Staff             |       |       |    15 |   351 |   696 |  1238 |   435 ||  2735
         Trishula          |       |       |       |       |       |       |    23 ||    23
         Eveningstar       |       |       |       |       |       |       |    89 ||    89
   Fire: Arbalest          |    47 |    64 |   214 |    35 |       |       |       ||   360
  Throw: Javelin           |       |    14 |    22 |    20 |     3 |     2 |       ||    61
         Dart              |       |     3 |     5 |    16 |     9 |     2 |     2 ||    37
   Cast: Ensorcelled Hiber |     1 |     1 |       |       |       |       |       ||     2
         Jinxbite          |     1 |       |     2 |       |       |       |       ||     3
         Sigil of Binding  |       |       |     3 |     1 |     2 |       |       ||     6
         Inner Flame       |       |       |     4 |     1 |     1 |     5 |     2 ||    13
         Summon Ice Beast  |       |       |       |     4 |    10 |       |       ||    14
         Summon Mana Viper |       |       |       |       |     8 |       |       ||     8
         Blink             |       |       |       |       |     1 |       |       ||     1
         Summon Lightning  |       |       |       |       |       |     3 |     2 ||     5
 Invoke: Call Merchant     |       |       |       |     3 |     1 |     4 |       ||     8
         Potion Petition   |       |       |       |     1 |       |       |       ||     1
Ability: Evoke the Staff o |       |       |     4 |    58 |   105 |    66 |    47 ||   280
  Evoke: Wand              |       |       |     6 |    22 |     7 |     7 |     7 ||    49
         Phantom mirror    |       |       |       |       |     1 |     1 |     2 ||     4
         Lightning rod     |       |       |       |       |       |       |     2 ||     2
    Use: Scroll            |       |     4 |     5 |    16 |     8 |    13 |     9 ||    55
         Potion            |       |     1 |       |     2 |     1 |     7 |     9 ||    20
   Stab: Sleeping          |       |       |       |     8 |     4 |       |       ||    12
         Distracted        |       |       |       |     9 |     7 |    14 |     1 ||    31
         Invisible         |       |       |       |     1 |     2 |     1 |     1 ||     5
         Petrified         |       |       |       |       |     4 |       |       ||     4
 Armour: Robe              |    46 |    35 |   111 |    41 |       |       |       ||   233
         Ring mail         |       |       |       |   185 |   211 |       |       ||   396
         Crystal plate arm |       |       |       |       |   133 |   816 |   437 ||  1386
  Dodge: Dodged            |    43 |    57 |   109 |   219 |   295 |   440 |   277 ||  1440
  Block: Buckler           |    17 |       |       |   143 |   127 |       |       ||   287
         Reflection        |       |       |       |     1 |    12 |    44 |       ||    57
         Kite shield       |       |       |       |       |   306 |   991 |   375 ||  1672

Table legend: (Time is in decaauts)
 A = Elapsed time spent in this place.
 B = Non-inter-level travel time spent in this place.
 C = Inter-level travel time spent in this place.
 D = Time resting spent in this place.
 E = Time spent auto-exploring this place.
 F = Levels seen in this place.
 G = Mean time per level.
                   A        B        C        D        E       F      G
               +--------+--------+--------+--------+--------+-----+--------+
         Total |  30472 |  28598 |   1874 |   1590 |  18731 |  39 |  781.3 |
       Dungeon |  11187 |  10506 |    681 |    523 |   7410 |  15 |  745.8 |
        Temple |     16 |      8 |      8 |      0 |      0 |   1 |   16.0 |
          Lair |   5381 |   4858 |    523 |     97 |   3456 |   5 | 1076.2 |
         Swamp |   3139 |   2902 |    237 |    134 |   1929 |   4 |  784.8 |
   Spider Nest |   3558 |   3356 |    202 |    270 |   1784 |   4 |  889.5 |
  Orcish Mines |   1636 |   1545 |     91 |    333 |    707 |   2 |  818.0 |
        Vaults |   4756 |   4627 |    129 |     88 |   3062 |   5 |  951.2 |
        Bazaar |     82 |     82 |      0 |      0 |     46 |   1 |   82.0 |
       Ossuary |    223 |    223 |      0 |      0 |    106 |   1 |  223.0 |
        Bailey |    490 |    490 |      0 |    143 |    230 |   1 |  490.0 |
               +--------+--------+--------+--------+--------+-----+--------+

Top non-repeatable levels by time:
  Lair:5: 1510 daAuts
Spider:1: 1448 daAuts
Vaults:4: 1253 daAuts
     D:4: 1148 daAuts
Vaults:3: 1124 daAuts
     D:8: 1091 daAuts
  Lair:1: 1026 daAuts
Vaults:2: 1022 daAuts
  Lair:2: 1011 daAuts
     D:9: 974 daAuts
  Lair:3: 953 daAuts
     D:7: 914 daAuts
    D:10: 910 daAuts
Vaults:1: 893 daAuts
  Lair:4: 880 daAuts
